 Dungeon Crawl Stone Soup version 0.28-a0-724-g66f9036eb4 (webtiles) character file.

Game seed: 14727307607297597389

3087 Sweetruy1997 the Cleaver (level 9, -4/71 HPs)
             Began as a Hill Orc Monk on Oct 4, 2021.
             Was a Believer of Beogh.
             Slain by a bullfrog (5 damage)
             ... on level 6 of the Dungeon on Oct 26, 2021.
             The game lasted 00:19:32 (7568 turns).

Sweetruy1997 the Cleaver (Hill Orc Monk)            Turns: 7568, Time: 00:19:32

Health: -4/71      AC:  8    Str: 14    XL:     9   Next: 89%
Magic:  14/14      EV: 11    Int: 10    God:    Beogh [**....]
Gold:   107        SH:  0    Dex: 16    Spells: 8/8 levels left

rFire   . . .      SeeInvis .   a - +2 hand axe (freeze)
rCold   . . .      Faith    .   (no shield)
rNeg    . . .      Spirit   .   h - +0 ring mail
rPois   .          Reflect  .   j - +0 helmet
rElec   .          Harm     .   (no cloak)
rCorr   .          Rampage  .   (no gloves)
Will    +....                   m - +0 pair of boots
Stlth   ++........              (no amulet)
HPRegen 0.21/turn               o - ring of willpower
MPRegen 0.14/turn               (no ring)

@: hasted, very quick
A: no striking features
a: Renounce Religion, Smiting


You were on level 6 of the Dungeon.
You worshipped Beogh.
Beogh was pleased with you.
You visited 2 branches of the dungeon, and saw 9 of its levels.

You collected 239 gold pieces.
You spent 132 gold pieces at shops.

Inventory:

Hand Weapons
 a - a +2 hand axe of freezing (weapon)
Armour
 h - a +0 ring mail (worn)
 j - a +0 helmet (worn)
 m - a +0 pair of boots (worn)
Jewellery
 o - a ring of willpower (left hand)
Wands
 i - a wand of acid (9)
 n - a wand of mindburst (9)
Scrolls
 g - a scroll of amnesia
 l - a scroll of blinking
 p - a scroll of acquirement {unknown}
 q - a scroll of teleportation
 s - 2 scrolls of fear {unknown}
Potions
 b - a potion of experience
 c - a potion of curing
 d - 3 potions of brilliance
 e - a potion of lignification
 k - a potion of cancellation {unknown}
 t - a potion of ambrosia


   Skills:
 - Level 4.0 Fighting
 - Level 14.2 Axes
 - Level 5.0 Armour
 - Level 3.0 Dodging
 - Level 3.0 Stealth
 + Level 5.7 Shields
 + Level 0.2 Fire Magic
 + Level 0.3 Air Magic
 + Level 0.5 Poison Magic
 - Level 7.3 Invocations
 + Level 6.4 Evocations


You had 8 spell levels left.
You didn't know any spells.
Your spell library was empty.

Dungeon Overview and Level Annotations

Branches:
Dungeon (8/15)             Temple (1/1) D:5
   Lair: D:8-11

Altars:
Ashenzari
Dithmenos
Elyvilon
Fedhas
Gozag
Kikubaaqudgha
Makhleb
Nemelex Xobeh
Okawaru
Ru
Sif Muna
Uskayaw
Vehumet
Wu Jian
Xom
Yredelemnul
Zin
The Shining One

Shops:
D:6 *

Annotations:
D:8 Pikel


Message History

You hit the hound. You freeze the hound.
The hound is moderately wounded.
You barely miss the ice beast. The ice beast hits you.
The ice beast freezes you! The hound barely misses you.
You closely miss the hound.
The hound is lightly wounded.
You hit the ice beast but do no damage. The hound bites you but does no damage.
You slash the hound! You freeze the hound.
You kill the hound!
Beogh accepts your kill.
You hit the ice beast. The ice beast hits you.
* * * LOW HITPOINT WARNING * * *
The ice beast freezes you!
* * * LOW HITPOINT WARNING * * *
The bullfrog hits you but does no damage.
Found a stone staircase leading up.
The bullfrog hits you but does no damage.
The sky beast closely misses you. The bullfrog hits you.
* * * LOW HITPOINT WARNING * * *
The bullfrog completely misses you. The bullfrog closely misses you.
There is a stone staircase leading up here.
The bullfrog barely misses you. The sky beast barely misses you.
You climb upwards.
There is a stone staircase leading down here.
You hit the sky beast. You freeze the sky beast.
The sky beast is moderately wounded.
You closely miss the bullfrog.
The bullfrog hits you but does no damage.
You barely miss the sky beast.
The sky beast is moderately wounded.
You hit the bullfrog. You freeze the bullfrog. The bullfrog hits you.
* * * LOW HITPOINT WARNING * * *
The sky beast hits you but does no damage.
Unknown command.
You feel yourself speed up. The bullfrog misses you.
The sky beast hits you but does no damage.
The bullfrog hits you.
You die...

####.......# #...........#
#..8#......# #.#.#.#####.#
....#......# #.#)#.# #.#
#...#......##### #.#)#.#####>#
(#.##..........# #.#)#......(.
#.#.'......###.# #.#.#######.#
....#....### #.# #.#....## #.#
#...#.#..#####.######.#.....# #.#
...8#..........F@Y.......∩..###.#
'###..#..##.######..............#
......#.....# #######.....####
#.######.#### ####### ..######.#
.........# ##########


You could see a sky beast and a bullfrog.

Vanquished Creatures
  Sigmund (D:4)
  Edmund (D:3)
  Duvessa (D:5)
  3 ogres
  2 necrophages
  A kobold brigand (D:7)
  A bullfrog (D:7)
  2 water moccasin zombies
  2 scorpions (D:6)
  Dowan (D:5)
  A wyvern skeleton (D:5)
  A howler monkey (D:4)
  A centaur zombie (D:4)
  3 orc priests
  5 hounds
  A jelly (D:5)
  3 orc wizards
  A scorpion zombie (D:4)
  A hound zombie (D:4)
  2 hound skeletons
  6 adders
  A howler monkey skeleton (D:4)
  2 gnolls
  A shadow imp (D:5)
  A white imp (D:6)
  An adder skeleton (D:5)
  2 worms (D:2)
  6 dart slugs
  14 orcs
  3 ball pythons
  8 endoplasms
  2 giant cockroaches
  3 goblins
  9 hobgoblins
  3 jackals (D:3)
  10 kobolds
  4 quokkas
  2 bats
  2 frilled lizards (D:1)
  7 rats
121 creatures vanquished.

Vanquished Creatures (others)
  An orc (D:3)
1 creature vanquished.

Grand Total: 122 creatures vanquished

Notes
Turn   | Place    | Note
-------+----------+-------------------------------------------
     0 | D:1      | Sweetruy1997 the Hill Orc Monk began the quest for the Orb.
     0 | D:1      | Reached XP level 1. HP: 19/19 MP: 1/1
     0 | D:1      | Upgraded the game from 0.28-a0-595-g9f6c0e134a to
                  | 0.28-a0-723-g095bd1b44f
   301 | D:1      | Reached XP level 2. HP: 27/27 MP: 2/2
   616 | D:1      | Found a faded altar of an unknown god.
   742 | D:1      | Reached XP level 3. HP: 25/33 MP: 3/3
  1071 | D:2      | Reached skill level 5 in Axes
  1247 | D:2      | Reached XP level 4. HP: 38/40 MP: 4/4
  2365 | D:3      | Became a worshipper of Beogh the Brigand
  2365 | D:3      | Reached * piety under Beogh
  2365 | D:3      | Reached ** piety under Beogh
  2377 | D:3      | Reached skill level 1 in Armour
  2377 | D:3      | Reached XP level 5. HP: 46/46 MP: 5/5
  2836 | D:4      | Reached skill level 6 in Axes
  2836 | D:4      | Upgraded the game from 0.28-a0-723-g095bd1b44f to
                  | 0.28-a0-724-g66f9036eb4
  2914 | D:4      | Noticed an ogre
  2965 | D:4      | Killed an ogre
  2966 | D:4      | Reached skill level 7 in Axes
  2966 | D:4      | Reached XP level 6. HP: 28/52 MP: 4/6
  3672 | D:4      | Noticed a necrophage
  3676 | D:4      | Noticed Edmund
  3681 | D:4      | Killed a necrophage
  3682 | D:4      | Reached skill level 8 in Axes
  3682 | D:4      | Reached XP level 7. HP: 51/59 MP: 7/7
  3786 | D:3      | HP: 1/59 [Edmund (2)]
  4110 | D:3      | Killed Edmund
  4366 | D:4      | Reached skill level 1 in Invocations
  4376 | D:4      | Reached skill level 9 in Axes
  4377 | D:4      | Found a basalt altar of Yredelemnul.
  4785 | D:4      | Noticed Sigmund
  4801 | D:4      | Killed Sigmund
  4802 | D:4      | Reached skill level 5 in Armour
  4802 | D:4      | Reached XP level 8. HP: 61/66 MP: 3/9
  5104 | D:5      | Entered Level 5 of the Dungeon
  5342 | D:5      | Reached skill level 10 in Axes
  5526 | D:5      | Noticed Dowan
  5527 | D:5      | Noticed Duvessa
  5549 | D:5      | Killed Duvessa
  5550 | D:5      | Reached skill level 14 in Axes
  5550 | D:5      | Reached skill level 5 in Shields
  5550 | D:5      | Reached skill level 5 in Evocations
  5550 | D:5      | Reached XP level 9. HP: 20/71 MP: 7/14
  5557 | D:5      | Killed Dowan
  5950 | D:5      | Found a shimmering altar of Xom.
  5951 | D:5      | Found a broken altar of Ashenzari.
  5951 | D:5      | Found a blossoming altar of Fedhas.
  5952 | D:5      | Found an ornate altar of the Wu Jian Council.
  6273 | D:5      | Found a staircase to the Ecumenical Temple.
  6291 | Temple   | Entered the Ecumenical Temple
  6824 | D:6      | Found a glowing silver altar of Zin.
  6971 | D:6      | Found a sparkling altar of Nemelex Xobeh.
  7196 | D:6      | Found Aryits's Alliterative Accessories.
  7239 | D:6      | Bought a potion of attraction for 36 gold pieces
  7239 | D:6      | Bought a potion of ambrosia for 96 gold pieces
  7456 | D:7      | You fall into a shaft and drop 1 floor!
  7488 | D:8      | Found a shadowy altar of Dithmenos.
  7494 | D:8      | Noticed Pikel
  7567 | D:6      | HP: 1/71 [bullfrog (6)]
  7568 | D:6      | Slain by a bullfrog

Illustrated notes

Levels and vault maps discovered:
D:1:      sevenhm_arrival_forest_fort_large_4, layout_rooms,
          shapermc_ecumenical_altar_ellora, chequers_serial_rivers_room_b,
          st_stairs_12
D:2:      layout_loops_corners
D:3:      layout_basic
D:4:      layout_basic, nicolae_yredelemnul_corpse_copse, uniq_sigmund,
          uniq_edmund
D:5:      layout_cave_pods, chequers_temple_overflow_statue_of_worship,
          minmay_temple_entry_mist, uniq_duvessa
D:6:      cheibrodos_quashed, layout_loops_ring,
          mainiacjoe_overflow_surrounded_room, zin_academy,
          kennysheep_pointless_box, minivault_1, nicolae_alphabet_shops,
          minmay_misc_feat_pillars, chequers_serial_rivers_room_a
D:7:      layout_cave_pools, minivault_24
D:8:      layout_cave_pools, overflow_temple_1_default,
          nzn_hepliaklqana_mist_gate, nicolae_qazlal_eye_of_the_storm,
          serial_gnoll_camp, gnoll_camp_mini_house, gnoll_camp_medium_02,
          gnoll_camp_mini_doghouse, gnoll_camp_mini_basic, uniq_pikel
Temple:   jpeg_temple_alley_garden

Skill      XL: |  1  2  3  4  5  6  7  8  9 |
---------------+----------------------------+-----
Fighting       | 4 |  4.0
Axes           | 5 7 8 9 14 | 14.2
Stealth        | 2 3 |  3.0
Dodging        | 3 |  3.0
Armour         | 1 2 3 5 |  5.0
Invocations    | 2 7 |  7.3
Shields        | 5 |  5.7
Evocations     | 5 6 |  6.4
Fire Magic     | |  0.2
Air Magic      | |  0.3
Poison Magic   | |  0.5

Action                   |  1- 3 |  4- 6 |  7- 9 || total
-------------------------+-------+-------+-------++-------
Melee: Hand axe          |    68 |   223 |   264 ||   555
Invok: Convert to Beogh  |       |     1 |       ||     1
       Smiting           |       |     1 |     5 ||     6
Evoke: Wand              |       |       |     3 ||     3
  Use: Scroll            |       |     4 |     9 ||    13
       Potion            |       |     1 |     5 ||     6
 Stab: Sleeping          |     7 |     2 |     1 ||    10
Armor: Robe              |     7 |       |       ||     7
       Ring mail         |     1 |    58 |   109 ||   168
       Skin              |       |    13 |       ||    13
Dodge: Dodged            |    41 |    92 |   135 ||   268

Table legend: (Time is in decaauts)
 A = Elapsed time spent in this place.
 B = Non-inter-level travel time spent in this place.
 C = Inter-level travel time spent in this place.
 D = Time resting spent in this place.
 E = Time spent auto-exploring this place.
 F = Levels seen in this place.
 G = Mean time per level.
                   A        B        C        D        E       F      G
               +--------+--------+--------+--------+--------+-----+--------+
         Total |   7514 |   7394 |    120 |   1880 |   4260 |   9 |  834.9 |
       Dungeon |   7306 |   7193 |    113 |   1880 |   4066 |   8 |  913.2 |
        Temple |    207 |    200 |      7 |      0 |    194 |   1 |  207.0 |
               +--------+--------+--------+--------+--------+-----+--------+

Top non-repeatable levels by time:
     D:4: 2040 daAuts
     D:5: 1365 daAuts
     D:2: 1120 daAuts
     D:1: 980 daAuts
     D:3: 953 daAuts
     D:6: 736 daAuts
  Temple: 207 daAuts
     D:8: 67 daAuts
     D:7: 42 daAuts
